 Dungeon Crawl Stone Soup version 0.29.1-15-g9cfb28693d (webtiles) character file.

Game seed: 4237299601503486160

1049 Smoke131 the Trooper (level 8, -3/68 (84) HPs)
             Began as an Ogre Gladiator on Mar 8, 2023.
             Slain by a wight
             ... wielding a +0 battleaxe
              (9 damage)
             ... on level 4 of the Dungeon.
             The game lasted 00:11:37 (6948 turns).

Smoke131 the Trooper (Ogre Gladiator)               Turns: 6948, Time: 00:11:37

HP:   -3/68 (84)    AC:  3    Str: 21    XL:     8   Next: 25%
MP:   8/8           EV: 10    Int:  9    God:
Gold: 237           SH:  0    Dex: 10    Spells: 7/7 levels left

rFire   . . .      SeeInvis .   a - +0 trident
rCold   . . .      Faith    .   (no shield)
rNeg    . . .      Spirit   .   b - +0 robe
rPois   .          Reflect  .   c - +0 hat
rElec   .          Harm     .   (no cloak)
rCorr   .          Rampage  .   (gloves unavailable)
Will    .....                   (boots unavailable)
Stlth   +.........              (no amulet)
HPRegen 0.21/turn               (no ring)
MPRegen 0.11/turn               (no ring)

@: heavily drained
A: large, unfitting armour, tough skin 1
a: no special abilities


You were on level 4 of the Dungeon.
You visited 1 branch of the dungeon, and saw 4 of its levels.

You collected 237 gold pieces.

Inventory:

Hand Weapons
 a - a +0 trident (weapon)
Missiles
 d - 3 throwing nets
 e - a large rock
 q - 9 poisoned darts (quivered)
Armour
 b - a +0 robe (worn)
 c - a +0 hat (worn)
Wands
 o - a wand of digging (3)
 p - a wand of roots (2)
Scrolls
 f - a scroll of identify
 g - 2 scrolls of blinking
 i - a scroll of poison
 j - a scroll of enchant weapon
 l - a scroll of summoning {unknown}
 n - a scroll of fear {unknown}
 r - a scroll of brand weapon {unknown}
Potions
 h - a potion of degeneration
 k - a potion of attraction
 m - 2 potions of curing
 s - a potion of invisibility


   Skills:
 + Level 6.6 Fighting
 + Level 5.5 Polearms
 + Level 4.9 Throwing
 + Level 3.6 Armour
 - Level 3.0 Dodging


You had 7 spell levels left.
You didn't know any spells.
Your spell library contained the following spells:

 Spells                   Type           Power      Damage    Failure   Level
 Foxfire                  Conj/Fire      0%         2x1d4     38%         1
 Ensorcelled Hibernation  Hex/Ice        0%         N/A       52%         2
 Scorch                   Fire           0%         2d5       52%         2
 Conjure Flame            Conj/Fire      0%         6-21      77%         3
 Gell's Gravitas          Tloc           0%         N/A       77%         3
 Ignite Poison            Fire/Tmut/Pois 0%         N/A       77%         3
 Lesser Beckoning         Tloc           0%         N/A       77%         3
 Ozocubu's Armour         Ice            0%         N/A       77%         3
 Spider Form              Tmut/Pois      0%         N/A       77%         3
 Teleport Other           Tloc           0%         N/A       77%         3
 Anguish                  Hex/Necr       0%         N/A       99%         4
 Flame Wave               Conj/Fire      0%         2d4       99%         4
 Sticky Flame             Conj/Fire      0%         2d3       99%         4
 Summon Cactus Giant      Summ           0%         N/A       100%        6
 Polar Vortex             Ice            0%         N/A       100%        9


Dungeon Overview and Level Annotations

Branches:
Dungeon (4/15)
 Temple: D:4-7

Altars:
Nemelex Xobeh
Yredelemnul

Shops:
D:2 =


Innate Abilities, Weirdness & Mutations

You are too large for most types of armour.
You have tough skin. (AC +1)


Message History

The hound zombie bites you.
You hit the hound zombie.
The hound zombie is severely damaged.
The hound zombie completely misses you.
You puncture the hound zombie!
You destroy the hound zombie!
There is an open door here.
There is an open door here.
You open the door.
A wight comes into view. It is wielding a +0 battleaxe.
You closely miss the wight. The wight hits you with a +0 battleaxe.
You feel drained.
You barely miss the wight. The wight hits you with a +0 battleaxe!
You hit the wight but do no damage. You punch the wight, but do no damage.
The wight barely misses you.
You hit the wight.
The wight is lightly damaged.
The wight barely misses you. The wight closely misses you.
The wight closely misses you.
You hit the wight but do no damage.
The wight is lightly damaged.
The wight hits you with a +0 battleaxe!!
You puncture the wight!
The wight is severely damaged.
The wight closely misses you.
You barely miss the wight.
The wight is severely damaged.
The wight hits you with a +0 battleaxe!
You feel drained.
You closely miss the wight.
The wight is severely damaged.
The wight hits you with a +0 battleaxe.
You feel drained.
You hit the wight but do no damage.
The wight is severely damaged.
The wight hits you with a +0 battleaxe!
* * * LOW HITPOINT WARNING * * *
You feel drained.
* * * LOW HITPOINT WARNING * * *
The wight attacks as you move away! The wight hits you with a +0 battleaxe!
You die...

.................................
######.......#...###.............
######.......#...#........)......
.....'.......#...#..............>
######.......#...#...............
#..################..[......
######..# #)#.#_#.##8#.........
....##..#+#+#'#'#'#'###..........
....##..#.......@....'...##......
....##..#+#+#'#z#'#'####.##......
....'...# #.#.#.#.##8#.........
....###.###############..##.####.
....# #.##...##.# #.##)##.# ##.
....# #.##...##.# #.##....# #..
....# #.##...##.## #.##.######.#
#'#)###.#........# #.....###...#
#.#.....#........#####.....#..#.#


You could see a wight.

Vanquished Creatures
  Eustachio (D:4)
  A black bear (D:4)
  A bullfrog (D:4)
  3 necrophages (D:4)
  2 scorpions (D:4)
  2 wights (D:4)
  A human zombie (D:4)
  An orc priest (D:3)
  3 iguanas
  An orc wizard (D:3)
  A hound zombie (D:4)
  6 adders
  3 gnolls (D:4)
  An ufetubus (D:3)
  An adder zombie (D:4)
  2 dart slugs (D:4)
  7 orcs
  6 ball pythons
  4 bats
  5 endoplasms
  6 giant cockroaches
  7 goblins
  6 hobgoblins
  7 jackals
  3 kobolds
  8 quokkas
  3 frilled lizards
  6 rats
98 creatures vanquished.

Notes
Turn   | Place    | Note
-------+----------+-------------------------------------------
     0 | D:1      | Smoke131 the Ogre Gladiator began the quest for the Orb.
     0 | D:1      | Reached XP level 1. HP: 22/22 MP: 1/1
   128 | D:1      | Reached XP level 2. HP: 19/29 MP: 2/2
   296 | D:1      | Found a faded altar of an unknown god.
   338 | D:1      | Reached skill level 3 in Fighting
   784 | D:1      | Reached XP level 3. HP: 36/37 MP: 3/3
  1166 | D:2      | Found Tolac's Jewellery Shoppe.
  1308 | D:2      | Got the Incunable of Searing Hypothermia
  1374 | D:2      | Reached skill level 1 in Armour
  1812 | D:2      | Reached XP level 4. HP: 45/45 MP: 4/4
  2887 | D:3      | Reached XP level 5. HP: 46/54 MP: 5/5
  3469 | D:3      | Reached skill level 4 in Fighting
  4247 | D:4      | Reached XP level 6. HP: 43/63 MP: 6/6
  4390 | D:4      | Reached skill level 5 in Fighting
  4961 | D:4      | Reached XP level 7. HP: 47/72 MP: 7/7
  5132 | D:4      | Noticed Eustachio
  5172 | D:4      | Killed Eustachio
  5493 | D:4      | Reached skill level 5 in Polearms
  5638 | D:4      | Reached skill level 6 in Fighting
  5890 | D:4      | Found a basalt altar of Yredelemnul.
  6042 | D:4      | Reached XP level 8. HP: 67/83 MP: 8/8
  6787 | D:4      | Found a sparkling altar of Nemelex Xobeh.
  6948 | D:4      | Slain by a wight

Illustrated notes

Levels and vault maps discovered:
D:1:      dpeg_arrival_brainrot, layout_basic, shapermc_ecumenical_altar_pompeii
D:2:      layout_loops_ring, serial_shops, shop
D:3:      layout_basic
D:4:      layout_basic, lemuel_mausoleum_altar_yredelemnul,
          nemelex_diamond_rough_becter, uniq_eustachio

Skill      XL: |  1  2  3  4  5  6  7 |
---------------+----------------------+-----
Fighting       | 3 4 5 6 |  6.6
Dodging        | 3 |  3.0
Armour         | 1 2 3 |  3.6
Throwing       | 3 4 |  4.9
Polearms       | 4 5 |  5.5

Action                   |  1- 3 |  4- 6 |  7- 9 || total
-------------------------+-------+-------+-------++-------
Melee: Trident           |   101 |   180 |   122 ||   403
       Punch             |       |     3 |     2 ||     5
Throw: Dart              |       |    14 |    18 ||    32
       Throwing net      |       |       |     2 ||     2
       Large rock        |       |       |     2 ||     2
Evoke: Wand              |       |    10 |     1 ||    11
  Use: Potion            |       |     2 |       ||     2
       Scroll            |       |     5 |       ||     5
 Stab: Sleeping          |     3 |       |       ||     3
Armor: Robe              |    30 |    63 |    50 ||   143
Dodge: Dodged            |    62 |   104 |    75 ||   241
